 Dungeon Crawl Stone Soup version 0.24-a0-284-g9fb9971df1 (webtiles) character file.

Game seed: 8007426445230836714

804025 Redear the Hoplite (level 27, -6/205 HPs)
             Began as an Octopode Fighter on May 5, 2019.
             Was a High Priest of Zin.
             Mangled by a hell knight
             ... wielding a +3 demon trident of distortion
              (30 damage)
             ... in the Vestibule of Hell.
             The game lasted 08:19:59 (101359 turns).

Redear the Hoplite (Octopode Fighter)             Turns: 101359, Time: 08:19:59

Health: -6/205     AC:  2    Str: 29    XL:     27
Magic:  45/45      EV: 37    Int: 22    God:    Zin [*****.]
Gold:   537        SH: 37    Dex: 33    Spells: 21/62 levels left

rFire    + + .     SeeInvis +   s - +9 double sword (holy)
rCold    + + .     Gourm    .   b - +8 large shield
rNeg     + + +     Faith    .   p - +1 hat of Pemoilam {rCorr Str+2 SInv}
rPois    +         Spirit   .   n - amulet "Ukhlibb" {Reflect rC+ Int+6 SH+2}
rElec    .         Reflect  +   x - ring of Shadows {Umbra +Inv Stlth+}
rCorr    +         Harm     .   y - +6 ring of dexterity
MR       ++++.                  r - ring "Boppemoe" {rF+ rN+ Stlth-}
Stlth    ++++++++++             o - ring of Untruth {rC+ Str+8 Dex+3 Stlth-}
HPRegen  0.44/turn              h - ring of Fuschep {rN+ MR+++ Int-4 Dex+2 Slay+6}
MPRegen  0.29/turn              w - +4 ring of evasion
                                E - ring of protection from fire {rF+}
                                U - ring of Dishonesty {rPois rN+ MR- Int+3 Dex+8 Stlth+}

@: wreathed by umbra, deflect missiles
A: almost no armour, stealthy swim, amphibious, 8 rings, constrict 8, camouflage
1, gelatinous body 1
}: 5/15 runes: barnacled, silver, abyssal, demonic, gossamer
a: Recite, Vitalisation, Imprison, Sanctuary, Donate Gold, Renounce Religion,
Evoke Invisibility


You were in the Vestibule of Hell.
You worshipped Zin.
Zin was extremely pleased with you.
You were not hungry.

You visited 12 branches of the dungeon, and saw 54 of its levels.
You visited Pandemonium 1 time, and saw 2 of its levels.
You visited the Abyss 1 time.
You visited 1 bazaar.
You also visited: Sewer.

You collected 11042 gold pieces.
You spent 7643 gold pieces at shops.
You donated 2862 gold pieces to Zin.

Inventory:

Hand Weapons
 s - a +9 double sword of holy wrath (weapon)
Missiles
 J - 36 silver javelins (quivered)
 Z - 23 throwing nets {+f}
Armour
 b - a +8 large shield (worn)
 p - the +1 hat of Pemoilam (worn) {rCorr Str+2 SInv}
   (You acquired it on level 5 of the Vaults)

   It affects your strength (+2).
   It lets you see invisible.
   It provides partial protection from all sources of acid and corrosion.
 F - the +0 hat of the Sneaky Wonders {Int+6}
   (You acquired it on level 13 of the Dungeon)

   It affects your intelligence (+6).
Magical Staves
 g - an uncursed staff of energy {channel}
Jewellery
 a - the amulet "Cinut" {RegenMP +Inv}
   (You acquired it on level 2 of the Vaults)

   [amulet of magic regeneration]

   It increases your magic regeneration.
   It lets you turn invisible.
 f - an uncursed ring of protection from fire {rF+}
 h - the ring of Fuschep (on tentacle) {rN+ MR+++ Int-4 Dex+2 Slay+6}
   (You found it on level 4 of the Shoals)

   [ring of positive energy]

   It affects your intelligence (-4).
   It affects your dexterity (+2).
   It affects your accuracy and damage with ranged weapons and melee attacks
   (+6).
   It protects you from negative energy.
   It affects your resistance to hostile enchantments.
 m - the ring of Fappaorgh {+Fly rElec rN+ MR+ Slay-4}
   (You took it off a deep elf mage on level 3 of the Elven Halls)

   [ring of positive energy]

   It affects your accuracy and damage with ranged weapons and melee attacks
   (-4).
   It insulates you from electricity.
   It protects you from negative energy.
   It affects your resistance to hostile enchantments.
   It lets you fly.
 n - the amulet "Ukhlibb" (around mantle) {Reflect rC+ Int+6 SH+2}
   (You bought it in a shop on level 3 of the Elven Halls)

   [amulet of reflection]

   It shields you and reflects attacks.
   It affects your intelligence (+6).
   It protects you from cold.
   It affects your SH (+2).
 o - the ring of Untruth (on tentacle) {rC+ Str+8 Dex+3 Stlth-}
   (You took it off a deep elf sorcerer on level 3 of the Elven Halls)

   [ring of protection from cold]

   It affects your strength (+8).
   It affects your dexterity (+3).
   It protects you from cold.
   It makes you less stealthy.
 r - the ring "Boppemoe" (on tentacle) {rF+ rN+ Stlth-}
   (You took it off a yaktaur captain on level 5 of the Vaults)

   [ring of attention]

   It protects you from fire.
   It protects you from negative energy.
   It makes you less stealthy.
 w - a +4 ring of evasion (on tentacle)
 x - the ring of Shadows (left tentacle) {Umbra +Inv Stlth+}
   (You took it off a deep elf blademaster on level 3 of the Elven Halls)

   [ring of stealth]

   It lets you turn invisible.
   It makes you more stealthy.
 y - a +6 ring of dexterity (right tentacle)
 E - a ring of protection from fire (on tentacle) {rF+}
 U - the ring of Dishonesty (on tentacle) {rPois rN+ MR- Int+3 Dex+8 Stlth+}
   (You acquired it on level 3 of the Vaults)

   [ring of positive energy]

   It affects your intelligence (+3).
   It affects your dexterity (+8).
   It protects you from poison.
   It protects you from negative energy.
   It affects your resistance to hostile enchantments.
   It makes you more stealthy.
Wands
 A - a wand of acid (21)
 D - a wand of digging (20)
 I - a wand of iceblast (41)
Scrolls
 c - 3 scrolls of enchant armour
 d - 4 scrolls of holy word
 e - 9 scrolls of immolation
 i - 20 scrolls of amnesia
 u - 7 scrolls of fog
 M - 3 scrolls of magic mapping
 N - 21 scrolls of remove curse {@r2}
 O - 4 scrolls of enchant weapon
 R - 27 scrolls of identify {@r1}
 T - 9 scrolls of teleportation {@r3}
Potions
 j - 14 potions of brilliance {Archmagi Int+5 Wiz++}
 k - 9 potions of cancellation
 l - a potion of might {Str+5 DMG+1d10 | @q3}
 q - 4 potions of agility {Stlth+ Dex+5 EV+5 | @q4}
 t - 6 potions of magic
 v - 3 potions of heal wounds {@q1}
 C - 6 potions of resistance {rF+ rC+ rPois rElec rCorr}
 G - 4 potions of invisibility
 H - 4 potions of haste {@q5}
 K - 6 potions of ambrosia
 L - 5 potions of mutation {!q}
 P - 4 potions of berserk rage
 Q - 13 potions of curing {@q2}
Miscellaneous
 S - a crystal ball of energy
 V - a lightning rod (4/4)
 W - a sack of spiders
 X - a phial of floods
 Y - a lamp of fire
Comestibles
 z - 44 rations


   Skills:
 - Level 21.2 Fighting
 - Level 14.0 Long Blades
 - Level 16.0 Dodging
 - Level 17.1 Stealth
 - Level 23.0 Shields
 - Level 18.2 Spellcasting
 + Level 20.1 Conjurations
 - Level 6.0 Hexes
 - Level 8.7 Charms
 - Level 7.2 Summonings
 - Level 6.0 Translocations
 - Level 5.1 Fire Magic
 + Level 20.1 Ice Magic
 - Level 10.0 Air Magic
 - Level 15.0 Invocations
 - Level 7.0 Evocations


You had 21 spell levels left.
You knew the following spells:

 Your Spells              Type           Power        Failure   Level  Hunger
c - Conjure Flame         Conj/Fire      ######..     1%          3    None
e - Lesser Beckoning      Tloc           #####.....   1%          3    None
g - Apportation           Tloc           #####.       1%          1    None
t - Summon Lightning Spi  Summ/Air       ######..     1%          4    None
z - Ozocubu's Armour      Chrm/Ice       ######..     1%          3    None
D - Deflect Missiles      Chrm/Air       ######....   11%         6    ####...
F - Freezing Cloud        Conj/Ice/Air   #######...   1%          6    ####...
G - Glaciate              Conj/Ice       #######...   65%         9    #######
J - Cause Fear            Hex            #####.....   2%          4    None
R - Blink                 Tloc           N/A          1%          2    None

Your spell library contained the following spells:

 Spells                   Type           Power        Failure   Level  Hunger
 Freeze                   Ice            ####         0%          1    None
 Magic Dart               Conj           ####         0%          1    None
 Shock                    Conj/Air       ####         0%          1    None
 Searing Ray              Conj           ######       0%          2    None
 Throw Frost              Conj/Ice       ######       0%          2    None
 Iskenderun's Mystic Bla  Conj           #######.     0%          4    None
 Throw Icicle             Conj/Ice       #######.     0%          4    None
 Flame Tongue             Conj/Fire      #####        1%          1    None
 Sting                    Conj/Pois      ####         1%          1    None
 Summon Butterflies       Summ           ######..     1%          1    None
 Summon Small Mammal      Summ           ####         1%          1    None
 Call Imp                 Summ           ######..     1%          2    None
 Poisonous Vapours        Pois/Air       #####.       1%          2    None
 Shroud of Golubria       Chrm/Tloc      ######....   1%          2    None
 Swiftness                Chrm/Air       ######..     1%          2    None
 Throw Flame              Conj/Fire      ######       1%          2    None
 Call Canine Familiar     Summ           ######..     1%          3    None
 Dazzling Spray           Conj/Hex       ######       1%          3    None
 Gell's Gravitas          Tloc           #####.....   1%          3    None
 Inner Flame              Hex/Fire       #####...     1%          3    None
 Mephitic Cloud           Conj/Pois/Air  ######..     1%          3    None
 Static Discharge         Conj/Air       ######..     1%          3    None
 Stone Arrow              Conj/Erth      ######       1%          3    None
 Summon Guardian Golem    Hex/Summ       #####...     1%          3    None
 Teleport Other           Tloc           #####...     1%          3    None
 Tukima's Dance           Hex            #####...     1%          3    None
 Airstrike                Air            ######....   1%          4    None
 Force Lance              Conj/Tloc      ######..     1%          4    None
 Fulminant Prism          Conj/Hex       ######....   1%          4    None
 Ice Form                 Ice/Tmut       ######..     1%          4    None
 Sticky Flame             Conj/Fire      ######..     1%          4    None
 Summon Ice Beast         Ice/Summ       ######..     1%          4    None
 Fireball                 Conj/Fire      ######....   1%          5    None
 Irradiate                Conj/Tmut      ######....   1%          5    None
 Lightning Bolt           Conj/Air       ######....   1%          5    None
 Metabolic Englaciation   Hex/Ice        ######....   1%          5    None
 Venom Bolt               Conj/Pois      ######....   1%          5    None
 Bolt of Cold             Conj/Ice       #######...   1%          6    ####...
 Conjure Ball Lightning   Conj/Air       ######....   1%          6    ####...
 Ozocubu's Refrigeration  Ice            #######...   1%          6    ####...
 Passage of Golubria      Tloc           N/A          2%          4    None
 Bolt of Fire             Conj/Fire      ######....   2%          6    ####...
 Beastly Appendage        Tmut           ###...       3%          1    None
 Sandblast                Erth           ###...       3%          1    None
 Silence                  Hex/Air        ######....   3%          5    None
 Corpse Rot               Necr           N/A          4%          2    None
 Passwall                 Tmut/Erth      ###.....     4%          2    None
 Sticks to Snakes         Tmut           ###.....     4%          2    None
 Sublimation of Blood     Necr           ###.......   4%          2    None
 Ignite Poison            Fire/Tmut/Pois ####....     4%          3    None
 Summon Forest            Summ/Tloc      #####.....   6%          5    None
 Poison Arrow             Conj/Pois      ######....   9%          6    ####...
 Simulacrum               Ice/Necr       ######....   9%          6    ####...
 Spider Form              Tmut/Pois      ###.......   10%         3    None
 Leda's Liquefaction      Hex/Erth       ####......   10%         4    None
 Yara's Violent Unravell  Hex/Tmut       ####......   26%         5    None
 Olgreb's Toxic Radiance  Pois           ###.....     32%         4    None
 Petrify                  Tmut/Erth      ###.....     32%         4    None
 Darkness                 Hex            #####.....   41%         6    ####...
 Invisibility             Hex            #####...     41%         6    ####...
 Chain Lightning          Conj/Air       ######....   41%         8    #######
 Alistair's Intoxication  Tmut/Pois      ###.....     67%         5    None
 Blade Hands              Tmut           ###.......   67%         5    None
 Lee's Rapid Deconstruct  Erth           ###.......   67%         5    None
 Summon Hydra             Summ           ######....   82%         7    #####..
 Ring of Flames           Chrm/Fire      ######....   85%         7    #####..
 Lehudib's Crystal Spear  Conj/Erth      ######....   98%         8    #######
 Hydra Form               Tmut           ###.......   99%         6    ####...
 Statue Form              Tmut/Erth      ###......    99%         6    ####...
 Dragon Form              Tmut           ###.......   100%        7    #####..
 Discord                  Hex            #####.....   100%        8    #######
 Ignition                 Fire           #####.....   100%        8    #######
 Fire Storm               Conj/Fire      ######....   100%        9    #######
 Tornado                  Air            ######....   100%        9    #######


Dungeon Overview and Level Annotations

Branches:
Dungeon (15/15)            Temple (1/1) D:5            Lair (6/6) D:9
 Shoals (4/4) Lair:2       Spider (4/4) Lair:3        Slime (0/5) Lair:6
    Orc (2/2) D:11            Elf (3/3) Orc:2        Vaults (5/5) D:14
  Crypt (3/3) Vaults:2       Tomb (0/3) Crypt:3      Depths (5/5) D:15
   Hell (1/1)                 Coc (0/7) Hell            Zot (5/5) Depths:5
    Dis: Hell:1         Geh: Hell:1         Tar: Hell:1

Altars:
Ashenzari
Cheibriados
Dithmenos
Elyvilon
Fedhas
Gozag
Hepliaklqana
Kikubaaqudgha
Makhleb
Nemelex Xobeh
Okawaru
Qazlal
Ru
Sif Muna
Trog
Uskayaw
Vehumet
Wu Jian
Xom
Yredelemnul
Zin
The Shining One

Shops:
D:8 ?   D:9 *}   D:12 (   D:13 }}?   D:14 }   Orc:2 :(!!   Elf:1 (   Elf:2 *
Elf:3 =   Vaults:1 [   Vaults:3 =   Vaults:5 =   Depths:2 :

Portals:
Hell: Depths:1 Depths:2 Depths:3 Depths:4 Depths:5
Abyss: Depths:4
Pandemonium: Orc:2 Depths:1 Depths:3
Ziggurat: Depths:3

Annotations:
Shoals:2 Ilsuiw
Crypt:2 1 runed translucent door, Rodef's ghost, veteran GrFi
Hell Geryon
Zot:3 1 transporter, Popraera's ghost, legendary MfSk


Innate Abilities, Weirdness & Mutations

You cannot wear most types of armour.
You are very stealthy in the water. (Stealth+)
You are amphibious.
You can wear up to eight rings at the same time.
You can use your tentacles to constrict eight enemies at once.
Your skin changes colour to match your surroundings (Stealth+).
Your rubbery body absorbs attacks. (AC +1, EV +1)


Message History

You slash the tormentor!
The tormentor convulses.
The tormentor is severely wounded.
You constrict the tormentor! You block the hell knight's attack.
The hell beast bites you!!
* * * LOW HITPOINT WARNING * * *
The hell beast completely misses you. You block the hell beast's attack. x2
The rust devil completely misses you. The hell beast completely misses you.
You riposte.
You hit the hell beast.
The hell beast convulses.
The hell beast is severely wounded.
The hell beast completely misses you. The soul eater completely misses you.
You riposte.
You hit the soul eater.
The soul eater convulses.
You grab the soul eater. You squeeze the soul eater!
The soul eater is moderately wounded.
The skeletal warrior hits you with a +0 trident!
* * * LOW HITPOINT WARNING * * *
The skeletal warrior hits you with a +0 scimitar.
* * * LOW HITPOINT WARNING * * *
A hell knight comes into view.
It is wielding a +3 halberd of draining.
The hell knight hits you from afar with a +3 demon trident of distortion!!
You die...

................
.................
..................
≈≈.................
≈≈≈≈................
.≈≈≈................
...≈≈...............
.....≈.....22z.......
..⌠.⌠......h3@2.....∩.
∩..........2z24......∩
..⌠.⌠.......[p).....∩.
......≈..2............
.....≈≈.&...).......p.
≈≈.≈≈≈................
≈≈≈≈≈≈................
≈Z≈≈≈.................
≈≈≈≈...............z..


You could see Geryon, 5 hell beasts, 2 hell knights, 2 skeletal warriors, a soul
eater, a rust devil, a tormentor and a hell hound.

Vanquished Creatures
  8 orbs of fire
  5 ancient liches
  Sojobo (Depths:1)
  3 shard shrikes
  2 Killer Klowns (Zot:5)
  Saint Roka (Orc:2)
  7 caustic shrikes
  3 curse toes
  11 golden dragons
  Nikola (Elf:3)
  The ghost of Qohiqu the Ninja, a veteran SpEn of Kikubaaqudgha (Zot:4)
  A profane servitor (Crypt:3)
  3 bone dragons
  An iron giant (Zot:1)
  An electric golem (Zot:5)
  6 liches
  2 Tzitzimimeh (Pan)
  2 Brimstone Fiends (Pan)
  26 tentacled monstrosities
  Rupert (Lair:5)
  3 Ice Fiends (Pan)
  25 Orb Guardians (Zot:5)
  2 deep elf blademasters (Elf:3)
  4 deep elf master archers (Elf:3)
  3 titans
  6 death cobs
  8 sphinxes
  The ghost of grizmgrazm2 the Basher, an adept GnWn of Ashenzari (Vaults:1)
  9 quicksilver dragons
  A pandemonium lord (Pan)
  2 eldritch tentacles (Abyss:3)
  An ancient champion (Hell)
  5 Executioners
  Agnes (Elf:1)
  7 shadow dragons
  14 storm dragons
  9 tengu reavers
  2 krakens
  Kirke (D:14)
  9 tentacled starspawn
  15 draconian monks
  2 iron dragons (Depths:2)
  3 blood saints (Pan)
  19 ghost moths
  11 fire giants
  22 vault wardens
  16 deep elf sorcerers
  The ghost of Vaehess the Blocker, a journeyman DDFi of Makhleb (D:13)
  A fire giant (shapeshifter) (Vaults:5)
  4 orc warlords
  4 emperor scorpions
  4 draconian knights
  12 frost giants
  2 draconian scorchers
  4 balrugs (Pan)
  2 deep elf elementalists (Elf:3)
  3 black suns (Pan)
  2 warmongers (Pan)
  3 cacodemons
  24 ironheart preservers
  7 draconian stormcallers
  12 ghouls
  2 reapers
  2 curse skulls (Crypt:3)
  7 draconian shifters
  5 draconian annihilators
  A spriggan defender (Depths:3)
  27 very ugly things
  8 entropy weavers
  26 stone giants
  3 war gargoyles
  A corrupter (Pan)
  6 vampire knights
  8 lorocyprocas
  21 large abominations
  7 purple draconians
  15 black draconians
  10 deep elf annihilators
  14 yellow draconians
  Nessos (Lair:6)
  4 deep elf demonologists
  9 green draconians
  2 pale draconians (Depths:5)
  9 spark wasps
  16 white draconians
  8 red draconians
  2 green deaths
  8 merfolk javelineers
  Josephine (D:15)
  14 ettins
  Snorg (Lair:5)
  23 fire dragons
  3 blizzard demons (Pan)
  8 deep elf death magi
  10 eidola
  A mummy priest (Crypt:3)
  2 crystal guardians
  7 jiangshi
  10 merfolk impalers
  8 deep elf high priests
  7 great orbs of eyes
  3 quicksilver dragon zombies
  21 yaktaur captains
  Erolcha (D:9)
  19 ice dragons
  6 hydras
  3 catoblepae
  40 vault guards
  A monstrous demonspawn (Pan)
  A naga warrior (Abyss:1)
  5 spriggan air magi
  14 rakshasas
  13 ogre magi
  4 merfolk aquamancers (Shoals:4)
  A satyr (Shoals:3)
  6 death knights
  39 dancing weapons
  9 centaur warriors
  11 deep troll shamans
  6 vampire magi
  37 two-headed ogres
  6 spriggan berserkers
  Urug (Lair:5)
  6 hell hogs
  6 death yaks
  10 orc high priests
  6 tengu warriors
  16 deep troll earth magi
  4 storm dragon zombies
  A titan zombie (Crypt:2)
  8 thrashing horrors
  9 soul eaters
  4 sun demons
  7 hell knights
  4 spriggans (Depths:2)
  4 iron trolls (Depths:3)
  2 shadow wraiths
  11 small abominations
  2 spatial maelstroms (Abyss:1)
  7 sixfirhies
  24 deep elf knights
  28 skeletal warriors
  7 wretched stars
  8 sea snakes
  34 deep trolls
  2 gelid demonspawn
  An entropy weaver zombie (Crypt:2)
  An iron giant zombie (Crypt:1)
  A golden dragon zombie (Crypt:3)
  2 torturous demonspawn
  4 flayed ghosts
  4 glowing orange brains
  23 deep elf archers
  2 obsidian statues (Elf:3)
  5 wizards
  A glowing orange brain (shapeshifter) (Vaults:4)
  3 unseen horrors
  24 phantasmal warriors
  8 harpies
  4 necromancers
  A swamp dragon (shapeshifter) (Vaults:5)
  4 swamp dragons
  2 infernal demonspawn
  The ghost of Zero the Cleaver, a novice GrBe of Trog (D:7)
  A lindwurm (shapeshifter) (Vaults:5)
  15 ironbrand convokers
  4 mana vipers (Depths:3)
  3 iron dragon zombies
  39 wolf spiders
  28 orc knights
  9 orb spiders
  90 deep elf magi
  A shining eye (shapeshifter) (Depths:3)
  10 fauns
  A fire giant zombie (Crypt:3)
  An oklob plant (Lair:2)
  9 cyclopes
  A stone giant skeleton (Crypt:2)
  29 moths of wrath
  8 orc sorcerers
  An elephant (shapeshifter) (D:13)
  A worldbinder (Abyss:3)
  9 manticores
  64 ugly things
  3 stone giant zombies
  A frost giant skeleton (Abyss:1)
  5 elephants
  A guardian serpent (Abyss:2)
  3 rust devils
  A fire giant skeleton (Vaults:4)
  7 water nymphs
  5 black mambas
  20 vault sentinels
  3 apocalypse crabs
  An eye of devastation (Vaults:1)
  8 orange demons
  3 gargoyles
  A shock serpent skeleton (Crypt:2)
  A shock serpent zombie (Crypt:3)
  A spiny frog (shapeshifter) (Elf:1)
  5 smoke demons
  4 torpor snails
  7 komodo dragons
  67 yaktaurs
  2 hellions
  A rime drake (shapeshifter) (Elf:1)
  A centaur skeleton (D:14)
  14 freezing wraiths
  3 rime drakes
  A catoblepas zombie (Crypt:2)
  12 spiny frogs
  A purple draconian zombie (Crypt:1)
  2 efreet (Abyss:3)
  2 hellwings
  2 tormentors
  3 kobold demonologists (D:14)
  10 ice devils
  A yaktaur skeleton (Vaults:4)
  A yaktaur (shapeshifter) (Depths:2)
  A catoblepas skeleton (Crypt:2)
  22 demonic crawlers
  2 meliai (shapeshifter)
  8 tengu conjurers
  6 red devils (Pan)
  2 hydra zombies
  3 ancient zymes
  3 guardian mummies
  10 polar bears
  12 trolls
  39 merfolk
  3 meliai
  A harpy zombie (Hell)
  A troll (shapeshifter) (Vaults:2)
  3 wind drakes
  39 jumping spiders
  A tengu simulacrum (Vaults:1)
  A queen bee (shapeshifter) (D:15)
  A hydra skeleton (Hell)
  11 tyrant leeches
  A polar bear (shapeshifter) (Vaults:1)
  14 hornets
  A bog body (Crypt:2)
  2 ice dragon zombies (Crypt:3)
  19 slime creatures
  Grinder (D:4)
  2 dream sheep (Lair:6)
  8 snapping turtles
  14 raiju
  A raiju (shapeshifter) (Vaults:3)
  13 hippogriffs
  2 ettin zombies (Crypt:3)
  17 blink frogs
  A hippogriff (shapeshifter) (Depths:2)
  A human simulacrum (Vaults:1)
  A dream sheep (shapeshifter) (Vaults:1)
  2 black mamba zombies (Crypt:3)
  7 flying skulls
  105 redbacks
  A shapeshifter (Depths:1)
  An ushabti (Crypt:3)
  10 shadows
  27 tarantellas
  3 air elementals
  An ettin skeleton (Vaults:4)
  4 vampires
  2 hogs (D:14)
  11 starcursed masses (Abyss:3)
  A yak (shapeshifter) (D:14)
  38 yaks
  14 ynoxinuls
  2 fire dragon skeletons
  18 water elementals
  17 wraiths
  A fire bat (Abyss:3)
  4 fire elementals
  A basilisk (shapeshifter) (Depths:3)
  4 basilisks
  3 wyverns
  A golden eye (shapeshifter) (Vaults:5)
  2 humans (shapeshifter) (Depths:2)
  3 hungry ghosts
  9 chaos spawn
  4 neqoxecs
  2 vampire mosquitoes (D:15)
  11 steam dragons
  A swamp worm (shapeshifter) (Elf:1)
  A soldier ant (D:12)
  7 wargs
  A spiny frog zombie (Hell)
  5 swamp worms (Lair:6)
  8 acid dragons
  2 floating eyes (Depths:2)
  11 water moccasins
  10 porcupines
  A floating eye (shapeshifter) (Vaults:3)
  A water moccasin (shapeshifter) (Elf:1)
  18 hell hounds
  2 spiny frog skeletons
  A swamp drake (Lair:6)
  11 black bears (Lair:6)
  An eye of draining (shapeshifter) (Vaults:1)
  54 orc warriors
  A hornet zombie (D:14)
  14 necrophages
  5 sky beasts
  3 ice beasts
  A fire dragon simulacrum (Hell)
  2 eyes of draining
  A phantom (D:12)
  12 wolves (Lair:6)
  15 boggarts
  A swamp dragon zombie (Crypt:3)
  A snapping turtle zombie (Crypt:3)
  An elephant zombie (Crypt:1)
  37 ogres
  10 centaurs
  20 crocodiles
  A manticore skeleton (Abyss:1)
  5 big kobolds
  A bullfrog (shapeshifter) (D:10)
  15 bullfrogs
  A gnoll sergeant (D:10)
  2 earth elementals (Elf:1)
  10 wyvern skeletons
  7 killer bees
  2 electric eels
  8 wights
  A polar bear skeleton (Crypt:1)
  4 crimson imps
  A quasit (Abyss:1)
  2 human zombies (Crypt:1)
  5 bullfrog zombies
  4 hounds
  A bullfrog skeleton (D:5)
  29 orc priests
  6 iguanas
  5 jellies
  A water moccasin simulacrum (D:10)
  A gnoll shaman (D:7)
  2 iron imps
  23 orc wizards
  A human skeleton (Crypt:1)
  7 worker ants
  4 merfolk avatars
  10 merfolk sirens
  A statue (D:4)
  A felid skeleton (Crypt:2)
  A hound zombie (D:9)
  2 hound skeletons
  6 mummies
  A worker ant zombie (D:4)
  10 gnolls
  2 howler monkey skeletons
  17 adders
  4 river rats
  3 shadow imps
  6 ufetubi
  3 oozes
  2 adder skeletons
  5 worms
  A dart slug (D:2)
  5 leopard geckos
  120 orcs
  13 giant cockroaches
  A gnoll zombie (Crypt:2)
  7 goblins
  6 hobgoblins
  14 jackals
  2 quokkas
  4 ball pythons
  A ball python zombie (D:5)
  6 bats
  10 frilled lizards
  2 frilled lizard skeletons
  24 kobolds
  A leopard gecko skeleton (D:5)
  A quokka zombie (D:7)
  30 rats
  A crawling corpse (Elf:3)
  A fire vortex (D:12)
  A fungus (Lair:2)
  2 pillars of salt (Crypt:3)
  6 plants
  5 starspawn tentacles
  7 tentacles
  7 withered plants (Crypt:3)
3100 creatures vanquished.

Vanquished Creatures (collateral kills)
  An orb of fire (Zot:5)
  A juggernaut (Depths:2)
  A golden dragon (Zot:5)
  An electric golem (Zot:5)
  A deep elf blademaster (Elf:3)
  2 shadow dragons (Vaults:5)
  Donald (Spider:1)
  A frost giant (Vaults:5)
  An ironheart preserver (Vaults:5)
  2 very ugly things (Depths:4)
  A deep elf high priest (Depths:4)
  2 yaktaur captains
  5 vault guards (Vaults:5)
  4 two-headed ogres (Vaults:4)
  A deep elf knight (Elf:3)
  A deep elf archer (Elf:3)
  An orb spider (Spider:4)
  2 deep elf magi (Elf:3)
  3 ugly things
  4 yaktaurs
  A hornet (Spider:1)
  A slime creature (Depths:4)
  A blink frog (shapeshifter) (Vaults:4)
  A redback (Spider:4)
  A boggart (Depths:4)
  An ogre (Vaults:4)
  An orc priest (Orc:2)
43 creatures vanquished.

Vanquished Creatures (others)
  An eldritch tentacle (Abyss:3)
  3 stone giants
  A red draconian (Zot:1)
  A merfolk javelineer (Depths:3)
  A two-headed ogre (Vaults:4)
  2 yaktaur captains
  2 ogre magi
  A deep elf knight (Elf:3)
  A deep elf archer (Vaults:5)
  2 deep elf magi
  A spiny frog (Lair:6)
  8 yaktaurs
  A red devil (Pan)
  2 dream sheep (Lair:6)
  A human (D:14)
  3 ogres (Vaults:5)
  3 boggarts (D:15)
  A wolf (Lair:6)
  An orc wizard (Orc:2)
  A bush (Lair:5)
  3 demonic plants (Pan)
  35 fungi
  12 pillars of salt
  80 plants
  15 starspawn tentacles
  70 tentacles
  4 withered plants (Crypt:3)
256 creatures vanquished.

Grand Total: 3399 creatures vanquished

Notes
Turn   | Place    | Note
-------+----------+-------------------------------------------
     0 | D:1      | Redear the Octopode Fighter began the quest for the Orb.
     0 | D:1      | Reached XP level 1. HP: 16/16 MP: 1/1
    63 | D:1      | Reached XP level 2. HP: 13/21 MP: 2/2
    91 | D:1      | Reached skill level 1 in Stealth
   605 | D:1      | Reached XP level 3. HP: 20/26 MP: 3/3
  1080 | D:2      | Reached skill level 2 in Stealth
  1152 | D:2      | Reached XP level 4. HP: 17/31 MP: 4/4
  1448 | D:2      | HP: 2/31 [gnoll/+0 flail (13)]
  1846 | D:2      | Found a faded altar of an unknown god.
  2139 | D:2      | Found a hide-covered altar of Uskayaw.
  2530 | D:3      | Reached XP level 5. HP: 36/36 MP: 5/5
  2682 | D:3      | Found a blossoming altar of Fedhas.
  2682 | D:3      | Found a bloodstained altar of Trog.
  3340 | D:4      | Noticed Grinder
  3380 | D:4      | Killed Grinder
  3380 | D:4      | Reached skill level 4 in Fighting
  3380 | D:4      | Reached skill level 3 in Long Blades
  3380 | D:4      | Reached skill level 4 in Dodging
  3380 | D:4      | Reached skill level 3 in Stealth
  3380 | D:4      | Reached skill level 4 in Shields
  3380 | D:4      | Reached XP level 6. HP: 42/43 MP: 6/6
  3547 | D:4      | Reached skill level 4 in Stealth
  3561 | D:4      | Found a white marble altar of Elyvilon.
  3649 | D:4      | Found a shimmering altar of Xom.
  3756 | D:4      | Found a radiant altar of Vehumet.
  3841 | D:4      | Reached XP level 7. HP: 48/48 MP: 7/7
  3846 | D:4      | Found a glowing drain.
  3851 | Sewer    | Entered a sewer
  3921 | Sewer    | Gained mutation: You are clumsy. (Dex -2) [potion of
                  | mutation]
  3921 | Sewer    | Gained mutation: Your flesh is heat resistant. (rF+)
                  | [potion of mutation]
  4825 | D:4      | Found a sparkling altar of Nemelex Xobeh.
  4861 | D:5      | Entered Level 5 of the Dungeon
  4879 | D:4      | Reached skill level 4 in Long Blades
  5160 | D:5      | Reached skill level 5 in Stealth
  5235 | D:5      | Found a staircase to the Ecumenical Temple.
  5288 | Temple   | Entered the Ecumenical Temple
  5436 | D:5      | Reached XP level 8. HP: 54/54 MP: 8/8
  5506 | D:5      | Reached skill level 5 in Dodging
  5564 | D:5      | Reached skill level 5 in Fighting
  5567 | D:5      | Reached skill level 5 in Shields
  5678 | D:5      | Found a shadowy altar of Dithmenos.
  5678 | D:5      | Found a stormy altar of Qazlal.
  6451 | D:6      | Reached skill level 6 in Stealth
  6604 | D:6      | Found a shattered altar of Ashenzari.
  6862 | D:6      | Reached skill level 5 in Long Blades
  7344 | D:6      | Lost mutation: Your flesh is heat resistant. (rF+) [potion
                  | of mutation]
  7344 | D:6      | Lost mutation: You are clumsy. (Dex -2) [potion of
                  | mutation]
  7344 | D:6      | Gained mutation: Scrolls take you a little longer to read.
                  | [potion of mutation]
  7344 | D:6      | Gained mutation: You evolve. [potion of mutation]
  7585 | D:6      | Reached XP level 9. HP: 32/62 MP: 5/9
  7595 | D:6      | Reached skill level 7 in Stealth
  7642 | D:7      | Reached skill level 6 in Dodging
  7680 | D:7      | Gained mutation: Your muscles are strong. (Str +2)
                  | [evolution]
  7946 | D:7      | Lost mutation: Scrolls take you a little longer to read.
                  | [potion of mutation]
  7946 | D:7      | Lost mutation: Your muscles are strong. (Str +2) [potion of
                  | mutation]
  7946 | D:7      | Gained mutation: Your flesh is heat resistant. (rF+)
                  | [potion of mutation]
  7946 | D:7      | Gained mutation: You are resistant to hostile enchantments.
                  | (MR+) [potion of mutation]
  7946 | D:7      | Gained mutation: You are agile. (Dex +2) [potion of
                  | mutation]
  7946 | D:7      | Gained mutation: You can translocate small distances at
                  | will. [potion of mutation]
  8093 | D:7      | Reached skill level 6 in Fighting
  8093 | D:7      | Reached skill level 6 in Shields
  8131 | D:7      | Found a runed translucent door.
  8232 | D:7      | Noticed Zero's ghost (novice GrBe)
  8734 | D:8      | Reached skill level 6 in Long Blades
  8791 | D:8      | Found Agips's Magic Scroll Boutique.
  8799 | D:8      | Bought a scroll of teleportation for 42 gold pieces
  8799 | D:8      | Bought a scroll of fear for 49 gold pieces
  8799 | D:8      | Bought a scroll of fog for 28 gold pieces
  8969 | D:8      | Found a glowing silver altar of Zin.
  9254 | D:8      | Found an ancient bone altar of Kikubaaqudgha.
  9316 | D:8      | Became a worshipper of Zin the Law-Giver
  9316 | D:8      | Reached * piety under Zin
  9433 | D:9      | Noticed Erolcha
  9454 | D:9      | Found Xelogasy's Gadget Shop.
  9517 | D:9      | Reached ** piety under Zin
  9526 | D:9      | Found a staircase to the Lair.
  9597 | D:9      | Noticed a troll
  9615 | D:9      | Killed a troll
  9800 | D:9      | Reached skill level 7 in Dodging
  9835 | D:9      | Reached skill level 7 in Fighting
  9835 | D:9      | Reached skill level 7 in Shields
  9871 | D:9      | Found Okkikeh's Assorted Antiques.
  9943 | D:9      | Found a basalt altar of Yredelemnul.
  9997 | D:9      | Reached XP level 10. HP: 71/71 MP: 10/10
 10046 | D:9      | Bought a crude shield for 209 gold pieces
 10046 | D:9      | Bought a purple potion for 19 gold pieces
 10056 | D:9      | Identified the cursed +0 shield of Hewkaeh {rElec Str+3
                  | Int+3 Stlth+} (You bought it in a shop on level 9 of the
                  | Dungeon)
 10388 | D:10     | Entered Level 10 of the Dungeon
 10756 | D:10     | Reached skill level 7 in Long Blades
 10818 | D:10     | Reached *** piety under Zin
 10877 | D:10     | Reached **** piety under Zin
 10956 | D:10     | Reached skill level 1 in Evocations
 11121 | D:10     | Reached skill level 1 in Invocations
 11678 | D:11     | Found a staircase to the Orcish Mines.
 11692 | D:11     | Reached skill level 2 in Invocations
 11705 | D:11     | Reached skill level 2 in Evocations
 11989 | D:11     | Noticed a gargoyle
 12059 | D:11     | Killed a gargoyle
 12059 | D:11     | Reached skill level 8 in Shields
 12114 | D:11     | Reached skill level 8 in Dodging
 12122 | D:11     | Reached skill level 3 in Invocations
 12202 | D:11     | Reached skill level 8 in Fighting
 12202 | D:11     | Reached skill level 3 in Evocations
 12262 | D:11     | Found Kuos's Food Boutique.
 12617 | D:11     | Reached XP level 11. HP: 60/77 MP: 13/13
 12778 | D:12     | Noticed a green ugly thing
 12791 | D:12     | Killed a green ugly thing
 13045 | D:11     | Learned a level 4 spell: Summon Lightning Spire
 13073 | D:12     | Found Fopsir's Antique Weapon Boutique.
 13264 | D:12     | Noticed a red ugly thing
 13278 | D:12     | Killed a red ugly thing
 13278 | D:12     | Reached skill level 4 in Invocations
 13278 | D:12     | Reached skill level 4 in Evocations
 13662 | D:12     | Noticed a white ugly thing
 14264 | D:12     | Killed a white ugly thing
 14411 | D:13     | Noticed a cyan ugly thing
 14427 | D:13     | Killed a cyan ugly thing
 14467 | D:13     | Found a runed translucent gate.
 14467 | D:13     | Found a runed translucent gate.
 14467 | D:13     | Found a runed translucent gate.
 14469 | D:13     | Noticed Vaehess's ghost (journeyman DDFi)
 14596 | D:13     | Reached skill level 5 in Invocations
 14604 | D:13     | Reached skill level 5 in Evocations
 14888 | D:13     | Found Xisuej's Gadget Emporium.
 14898 | D:13     | Bought a wand of paralysis (7) for 144 gold pieces
 14901 | D:13     | Found Kukkarirr's Gadget Shoppe.
 14914 | D:13     | Reached skill level 9 in Dodging
 14921 | D:13     | Reached skill level 9 in Fighting
 14921 | D:13     | Reached skill level 9 in Shields
 14928 | D:13     | Killed an unseen horror
 15193 | D:13     | Found Replasmaec's Magic Scroll Shop.
 15196 | D:13     | Bought a scroll of identify for 28 gold pieces
 15196 | D:13     | Bought a scroll of identify for 28 gold pieces
 15196 | D:13     | Bought a scroll of identify for 28 gold pieces
 15365 | D:13     | Noticed a white ugly thing
 15378 | D:13     | Killed a white ugly thing
 15557 | D:14     | Reached ***** piety under Zin
 15585 | D:14     | Reached XP level 12. HP: 85/85 MP: 16/16
 15603 | D:14     | Noticed Kirke
 15950 | D:14     | Found a gate to the Vaults.
 15950 | D:14     | Noticed a vault guard
 15950 | D:14     | Noticed a vault guard
 15950 | D:14     | Noticed a vault guard
 15950 | D:14     | Noticed a vault guard
 15950 | D:14     | Noticed a vault guard
 15950 | D:14     | Noticed a vault guard
 15979 | D:14     | Noticed a vault guard
 16095 | D:14     | Killed a vault guard
 16108 | D:14     | Noticed a vault guard
 16427 | D:7      | Killed Zero's ghost
 16427 | D:7      | Reached skill level 6 in Invocations
 16427 | D:7      | Reached skill level 6 in Evocations
 16604 | Lair:1   | Entered Level 1 of the Lair of Beasts
 17592 | Lair:2   | Found a staircase to the Shoals.
 17616 | Lair:2   | Got a crude whip
 17619 | Lair:2   | Identified the cursed +0 whip of Devotion {elec, MR+ Int+4
                  | Dex+5} (You found it on level 2 of the Lair of Beasts)
 17683 | Lair:2   | Noticed a death yak
 17770 | Lair:2   | Noticed a death yak
 18151 | Lair:2   | Noticed a death yak
 18289 | Lair:2   | Reached skill level 7 in Evocations
 18702 | Lair:2   | Reached skill level 10 in Fighting
 18702 | Lair:2   | Reached skill level 10 in Dodging
 18756 | Lair:2   | Reached skill level 10 in Shields
 18761 | Lair:2   | Learned a level 3 spell: Conjure Flame
 19137 | Lair:3   | Reached skill level 1 in Conjurations
 19137 | Lair:3   | Reached skill level 1 in Fire Magic
 19258 | Lair:3   | Reached skill level 1 in Spellcasting
 19421 | Lair:3   | Reached skill level 2 in Conjurations
 19421 | Lair:3   | Reached skill level 2 in Fire Magic
 19707 | Lair:3   | Found a hole to the Spider Nest.
 19804 | Lair:3   | Reached skill level 2 in Spellcasting
 20390 | Lair:4   | Reached XP level 13. HP: 92/92 MP: 18/18
 20499 | Lair:4   | Reached skill level 3 in Conjurations
 20499 | Lair:4   | Reached skill level 3 in Fire Magic
 20669 | Lair:4   | Reached skill level 3 in Spellcasting
 21055 | Lair:5   | You fall through a shaft!
 21055 | Lair:6   | Entered Level 6 of the Lair of Beasts
 21056 | Lair:6   | Noticed Urug
 21084 | Lair:5   | Reached skill level 4 in Fire Magic
 21088 | Lair:5   | Reached skill level 4 in Conjurations
 22002 | Lair:5   | Reached skill level 4 in Spellcasting
 22028 | Lair:5   | Reached skill level 11 in Shields
 22195 | Lair:5   | Identified a scroll of acquirement
 22261 | Lair:6   | Noticed Nessos
 22261 | Lair:6   | Noticed Snorg
 22849 | Lair:5   | Reached skill level 5 in Conjurations
 22921 | Lair:5   | Killed Snorg
 22921 | Lair:5   | Reached skill level 5 in Fire Magic
 23187 | Lair:6   | Noticed Rupert
 23349 | Orc:1    | Entered Level 1 of the Orcish Mines
 23367 | Orc:1    | Noticed an ettin
 23404 | Orc:1    | Killed an ettin
 23404 | Orc:1    | Reached skill level 5 in Spellcasting
 24009 | D:11     | Reached skill level 12 in Shields
 24531 | Orc:1    | Reached ****** piety under Zin
 24799 | Orc:2    | Entered Level 2 of the Orcish Mines
 24799 | Orc:2    | Noticed Saint Roka
 24927 | Orc:2    | Noticed a stone giant
 25626 | Orc:1    | Reached XP level 14. HP: 57/99 MP: 18/21
 25785 | Orc:2    | Found a staircase to the Elven Halls.
 25830 | Orc:2    | Killed a stone giant
 25889 | Orc:2    | Reached skill level 13 in Shields
 26293 | Orc:2    | Killed Saint Roka
 26615 | Orc:2    | Found Giugaopn's Distillery.
 26660 | Orc:2    | Reached skill level 14 in Shields
 26671 | Orc:2    | Found Ymeetyivua's Distillery.
 26840 | Orc:2    | Bought a potion of agility for 56 gold pieces
 26840 | Orc:2    | Bought a potion of agility for 56 gold pieces
 27287 | Orc:2    | Reached skill level 15 in Shields
 27578 | Orc:2    | Lost mutation: You are agile. (Dex +2) [evolution]
 27683 | Orc:2    | Found Ynepsiut's Antique Weapon Boutique.
 27683 | Orc:2    | Found a one-way gate leading to the halls of Pandemonium.
 27683 | Orc:2    | Found Fifoegy's Book Shop.
 28045 | Orc:2    | Bought a potion of agility for 56 gold pieces
 28816 | Shoals:1 | Entered Level 1 of the Shoals
 29196 | Shoals:1 | Reached XP level 15. HP: 105/105 MP: 22/22
 29569 | Shoals:1 | You fall through a shaft!
 29638 | Shoals:2 | HP: 10/105 [poisoned by a sea snake]
 29643 | Shoals:2 | HP: 9/105 [poisoned by a sea snake]
 29648 | Shoals:2 | HP: 8/105 [poisoned by a sea snake]
 29655 | Shoals:2 | HP: 8/105 [poisoned by a sea snake]
 29663 | Shoals:2 | HP: 8/105 [poisoned by a sea snake]
 30266 | Shoals:2 | Reached skill level 1 in Summonings
 30266 | Shoals:2 | Reached skill level 1 in Air Magic
 30378 | Shoals:2 | Noticed Ilsuiw
 30442 | Shoals:1 | Reached skill level 2 in Summonings
 30442 | Shoals:1 | Reached skill level 2 in Air Magic
 30574 | Shoals:1 | Reached skill level 3 in Summonings
 30574 | Shoals:1 | Reached skill level 3 in Air Magic
 31440 | Shoals:2 | Noticed a kraken
 31683 | Shoals:3 | Reached skill level 4 in Summonings
 31683 | Shoals:3 | Reached skill level 4 in Air Magic
 32577 | Shoals:3 | Reached skill level 5 in Summonings
 32577 | Shoals:3 | Reached skill level 5 in Air Magic
 33657 | Shoals:4 | Entered Level 4 of the Shoals
 33799 | Shoals:4 | Reached skill level 6 in Summonings
 33799 | Shoals:4 | Reached skill level 6 in Air Magic
 35028 | Shoals:4 | Reached skill level 7 in Summonings
 35028 | Shoals:4 | Reached skill level 7 in Air Magic
 35095 | Shoals:4 | Reached XP level 16. HP: 94/111 MP: 23/23
 35178 | Shoals:4 | Noticed a kraken
 35194 | Shoals:4 | Found an opulent altar of Gozag.
 35727 | Shoals:4 | Reached skill level 11 in Fighting
 35727 | Shoals:4 | Reached skill level 11 in Dodging
 36024 | Shoals:4 | Got a smoking brass ring
 36027 | Shoals:4 | Identified the ring of Fuschep {rN+ MR+++ Int-4 Dex+2
                  | Slay+6} (You found it on level 4 of the Shoals)
 37124 | Shoals:4 | Got a barnacled rune of Zot
 37333 | Shoals:4 | Killed a kraken
 37333 | Shoals:4 | Reached skill level 16 in Shields
 38066 | Shoals:2 | Killed a kraken
 39044 | Lair:5   | Reached skill level 12 in Fighting
 39044 | Lair:5   | Reached skill level 12 in Dodging
 39367 | Lair:5   | Killed Rupert
 39476 | Lair:5   | Killed Urug
 39624 | Lair:6   | Found a staircase to the Slime Pits.
 39863 | Lair:6   | Reached XP level 17. HP: 65/121 MP: 21/24
 40248 | Lair:6   | HP: 10/121 [swamp worm (10)]
 40671 | Lair:6   | Identified the +9 war axe of Prudence {chop, rPois Dex-2
                  | Stlth+}
 40691 | Lair:6   | Killed Nessos
 41538 | Spider:1 | Entered Level 1 of the Spider Nest
 41638 | Spider:1 | Reached skill level 13 in Dodging
 41669 | Spider:1 | Noticed Donald
 41695 | Lair:3   | Reached skill level 13 in Fighting
 42375 | Spider:1 | Killed Donald
 42522 | Spider:1 | Lost mutation: You can translocate small distances at will.
                  | [evolution]
 42525 | Spider:1 | Reached skill level 17 in Shields
 45353 | Spider:3 | Reached XP level 18. HP: 107/130 MP: 25/25
 45451 | Spider:3 | Reached skill level 14 in Dodging
 45468 | Spider:3 | Reached skill level 14 in Fighting
 46156 | Spider:4 | Entered Level 4 of the Spider Nest
 46217 | Spider:3 | HP: 10/131 [something (9)]
 46217 | Spider:3 | HP: 4/131 [something (6)]
 47912 | Spider:4 | Reached skill level 18 in Shields
 48207 | D:9      | Killed Erolcha
 48300 | D:8      | Bought a scroll of teleportation for 42 gold pieces
 48355 | D:9      | Bought a scroll of teleportation for 66 gold pieces
 48355 | D:9      | Bought a scroll of teleportation for 66 gold pieces
 48476 | D:13     | Killed Vaehess's ghost
 48535 | D:13     | Bought a scroll of acquirement for 728 gold pieces
 48542 | D:13     | Got a jewelled hat
 48544 | D:13     | Identified the +0 hat of the Sneaky Wonders {Int+6} (You
                  | acquired it on level 13 of the Dungeon)
 48559 | D:13     | Bought a scroll of identify for 28 gold pieces
 48559 | D:13     | Bought a scroll of identify for 28 gold pieces
 48559 | D:13     | Bought a scroll of identify for 28 gold pieces
 48559 | D:13     | Bought a scroll of teleportation for 42 gold pieces
 48934 | D:14     | Killed Kirke
 48996 | D:14     | Found a shadowy altar of Dithmenos.
 49019 | D:14     | Found Qyonki Tung's Gadget Shoppe.
 49309 | D:14     | Reached skill level 7 in Invocations
 49488 | D:15     | Entered Level 15 of the Dungeon
 49525 | D:15     | Noticed Josephine
 49794 | D:15     | Killed Josephine
 50450 | D:15     | Found a staircase to the Depths.
 50661 | D:15     | Reached XP level 19. HP: 138/138 MP: 26/26
 50670 | D:15     | Reached skill level 15 in Fighting
 50670 | D:15     | Reached skill level 15 in Dodging
 50959 | Orc:2    | Bought a book of Spatial Translocations for 1040 gold
                  | pieces
 50959 | Orc:2    | Bought a book of Frost for 560 gold pieces
 50990 | Orc:2    | Bought a potion of heal wounds for 70 gold pieces
 51191 | Vaults:1 | Entered Level 1 of the Vaults
 51277 | Vaults:1 | Reached skill level 8 in Invocations
 51287 | Vaults:1 | Found Daiv's Antique Armour Shop.
 51412 | Vaults:1 | Lost mutation: Your flesh is heat resistant. (rF+)
                  | [evolution]
 52036 | Vaults:1 | Found a large runed translucent door.
 52036 | Vaults:1 | Found a large runed translucent door.
 52036 | Vaults:1 | Found a large runed translucent door.
 52036 | Vaults:1 | Found a large runed translucent door.
 52036 | Vaults:1 | Found a large runed translucent door.
 52036 | Vaults:1 | Found a large runed translucent door.
 52036 | Vaults:1 | Found a large runed translucent door.
 52036 | Vaults:1 | Found a large runed translucent door.
 52036 | Vaults:1 | Noticed grizmgrazm2's ghost (adept GnWn)
 52114 | Vaults:1 | HP: 9/139 [stone giant/large rock (38)]
 52532 | Vaults:1 | Reached skill level 9 in Invocations
 54265 | Vaults:2 | Reached skill level 10 in Invocations
 54459 | Vaults:2 | Reached skill level 19 in Shields
 54476 | Vaults:2 | Reached XP level 20. HP: 103/147 MP: 27/27
 54723 | Vaults:2 | Found a staircase to the Crypt.
 54777 | Vaults:2 | Found a flickering gateway to a bazaar.
 54808 | Bazaar   | Entered a bazaar
 54808 | Bazaar   | Found Qomofo's Food Shoppe.
 54808 | Bazaar   | Found Cunull's Magic Scroll Boutique.
 54808 | Bazaar   | Found Diong's Book Shoppe.
 54808 | Bazaar   | Found Uloh's Gadget Shop.
 54876 | Bazaar   | Bought a scroll of enchant weapon for 90 gold pieces
 54876 | Bazaar   | Bought a scroll of enchant armour for 90 gold pieces
 54876 | Bazaar   | Bought a scroll of enchant weapon for 90 gold pieces
 54876 | Bazaar   | Bought a scroll of enchant weapon for 90 gold pieces
 54876 | Bazaar   | Bought a scroll of magic mapping for 42 gold pieces
 54876 | Bazaar   | Bought a scroll of magic mapping for 42 gold pieces
 54876 | Bazaar   | Bought a scroll of identify for 24 gold pieces
 55037 | Vaults:2 | Reached skill level 16 in Dodging
 55040 | Vaults:2 | Reached skill level 16 in Fighting
 55581 | Vaults:2 | Got a glittering lead amulet
 55583 | Vaults:2 | Identified the amulet "Cinut" {RegenMP +Inv} (You acquired
                  | it on level 2 of the Vaults)
 56084 | Vaults:3 | Found Jonoenk's Jewellery Shoppe.
 56195 | Vaults:3 | Reached skill level 11 in Invocations
 56887 | Vaults:3 | Reached skill level 12 in Invocations
 57157 | Vaults:3 | Got a warped bronze ring
 57159 | Vaults:3 | Identified the ring of Dishonesty {rPois rN+ MR- Int+3
                  | Dex+8 Stlth+} (You acquired it on level 3 of the Vaults)
 57250 | Vaults:3 | Reached skill level 20 in Shields
 58243 | Vaults:4 | Noticed a lich
 58251 | Vaults:4 | Killed a lich
 58503 | Vaults:4 | Reached XP level 21. HP: 83/153 MP: 30/30
 58520 | Vaults:4 | Lost mutation: You are resistant to hostile enchantments.
                  | (MR+) [evolution]
 59107 | Vaults:4 | Learned a level 3 spell: Ozocubu's Armour
 59110 | Vaults:4 | Learned a level 2 spell: Blink
 59147 | Vaults:4 | Reached skill level 13 in Invocations
 59324 | Vaults:4 | Reached skill level 8 in Long Blades
 59874 | Vaults:3 | Reached skill level 21 in Shields
 60009 | Depths:1 | Entered Level 1 of the Depths
 60012 | Depths:1 | Noticed Sojobo
 60172 | Elf:1    | Entered Level 1 of the Elven Halls
 60429 | Elf:1    | Found Zidwimut's Antique Weapon Emporium.
 60444 | Elf:1    | Noticed Agnes
 60502 | Elf:1    | Reached skill level 9 in Long Blades
 60808 | Elf:1    | Reached skill level 14 in Invocations
 60843 | Elf:1    | Killed Agnes
 61478 | Elf:2    | Found Ugumojecip's General Store.
 61783 | Elf:2    | Reached XP level 22. HP: 160/160 MP: 33/33
 62095 | Elf:2    | Found a huge runed translucent gate.
 62095 | Elf:2    | Found a huge runed translucent gate.
 62095 | Elf:2    | Found a huge runed translucent gate.
 62095 | Elf:2    | Found a huge runed translucent gate.
 62095 | Elf:2    | Found a huge runed translucent gate.
 62149 | Elf:2    | Reached skill level 15 in Invocations
 62399 | Elf:2    | Reached skill level 22 in Shields
 62561 | Elf:3    | Entered Level 3 of the Elven Halls
 62936 | Elf:3    | Noticed Nikola
 62951 | Elf:3    | Killed Nikola
 63031 | Elf:3    | Identified the ring of Fappaorgh {+Fly rElec rN+ MR+
                  | Slay-4}
 63317 | Elf:3    | Found Winaeseb's Jewellery Emporium.
 63425 | Elf:3    | Found a deep blue altar of Sif Muna.
 64021 | Elf:3    | Identified the +5 lajatang of Mayhem {holy, rN+}
 64159 | Elf:3    | Reached skill level 23 in Shields
 64468 | Elf:3    | Reached skill level 6 in Spellcasting
 64531 | Elf:3    | Identified the ring of Untruth {rC+ Str+8 Dex+3 Stlth-}
 64616 | Elf:3    | Reached skill level 7 in Spellcasting
 64923 | Elf:3    | Identified the Reference Book on Attacks and the Escort
 65048 | Elf:3    | Bought the amulet "Ukhlibb" {Reflect rC+ Int+6 SH+2} for
                  | 647 gold pieces
 65064 | Elf:3    | Bought an uncursed ring of see invisible for 285 gold
                  | pieces
 65613 | Crypt:1  | Entered Level 1 of the Crypt
 65700 | Crypt:1  | Reached skill level 1 in Charms
 65700 | Crypt:1  | Reached skill level 1 in Ice Magic
 65925 | Crypt:1  | Reached skill level 2 in Charms
 65925 | Crypt:1  | Reached skill level 2 in Ice Magic
 65925 | Crypt:1  | Reached XP level 23. HP: 123/163 MP: 34/34
 66381 | Crypt:2  | Reached skill level 3 in Charms
 66383 | Crypt:2  | Reached skill level 3 in Ice Magic
 66557 | Crypt:2  | Reached skill level 4 in Charms
 66557 | Crypt:2  | Reached skill level 4 in Ice Magic
 66562 | Crypt:2  | Found a runed translucent door.
 66745 | Crypt:2  | Noticed Rodef's ghost (veteran GrFi)
 66787 | Crypt:2  | Reached skill level 5 in Charms
 66790 | Crypt:2  | Reached skill level 5 in Ice Magic
 67097 | Crypt:3  | Entered Level 3 of the Crypt
 67196 | Crypt:3  | Reached skill level 10 in Long Blades
 67991 | Crypt:3  | Reached skill level 11 in Long Blades
 68378 | Crypt:3  | Learned a level 1 spell: Apportation
 68897 | Crypt:3  | Found a staircase to the Tomb.
 69158 | Crypt:3  | Found a basalt altar of Yredelemnul.
 69164 | Crypt:3  | Reached skill level 12 in Long Blades
 69572 | Crypt:3  | Reached skill level 13 in Long Blades
 70297 | Vaults:1 | Reached XP level 24. HP: 168/169 MP: 18/34
 70308 | Vaults:1 | Reached skill level 14 in Long Blades
 70363 | Vaults:1 | Reached skill level 8 in Spellcasting
 70694 | Vaults:1 | Killed grizmgrazm2's ghost
 70793 | Vaults:4 | Learned a level 6 spell: Deflect Missiles
 70863 | Vaults:5 | Entered Level 5 of the Vaults
 71042 | Vaults:5 | Noticed an ancient lich
 71060 | Vaults:5 | Killed an ancient lich
 71114 | Vaults:5 | Reached skill level 6 in Charms
 71114 | Vaults:5 | Reached skill level 8 in Air Magic
 71171 | Vaults:5 | Reached skill level 9 in Spellcasting
 71642 | Vaults:5 | Reached skill level 7 in Charms
 71682 | Vaults:5 | Reached skill level 9 in Air Magic
 71743 | Vaults:5 | Identified the ring "Boppemoe" {rF+ rN+ Stlth-}
 72129 | Vaults:5 | Reached skill level 8 in Charms
 72139 | Vaults:5 | Reached skill level 10 in Spellcasting
 72182 | Vaults:5 | Found Remoca Xetho's Jewellery Boutique.
 72225 | Vaults:5 | Got a shimmering tin ring
 72226 | Vaults:5 | Identified the cursed ring "Wecoyc" {rF- Str-5 Int+7} (You
                  | found it on level 5 of the Vaults)
 72467 | Vaults:5 | Reached skill level 10 in Air Magic
 72761 | Vaults:5 | Reached XP level 25. HP: 179/179 MP: 37/37
 72878 | Vaults:5 | Reached skill level 17 in Fighting
 73149 | Vaults:5 | Reached skill level 18 in Fighting
 73215 | Vaults:5 | Identified the +3 leather armour "Noretu" {SInv}
 73451 | Vaults:5 | Reached skill level 19 in Fighting
 73501 | Vaults:5 | Got a silver rune of Zot
 74177 | Vaults:5 | Got an ancient hat
 74178 | Vaults:5 | Identified the +1 hat of Pemoilam {rCorr Str+2 SInv} (You
                  | acquired it on level 5 of the Vaults)
 74378 | Depths:1 | Killed Sojobo
 74380 | Depths:1 | Reached skill level 20 in Fighting
 75166 | Depths:1 | Found a huge runed gate.
 75166 | Depths:1 | Found a huge runed gate.
 75166 | Depths:1 | Found a huge runed gate.
 75167 | Depths:1 | Found a huge runed gate.
 75224 | Depths:1 | Found a huge runed gate.
 75552 | Depths:1 | Found a gateway to Hell.
 75600 | Depths:1 | Reached skill level 21 in Fighting
 75888 | Depths:1 | Reached skill level 6 in Ice Magic
 76070 | Depths:1 | Found a huge runed gate.
 76070 | Depths:1 | Found a huge runed gate.
 76070 | Depths:1 | Found a huge runed gate.
 76070 | Depths:1 | Found a huge runed gate.
 76070 | Depths:1 | Found a huge runed gate.
 76098 | Depths:1 | Reached XP level 26. HP: 199/199 MP: 37/37
 76099 | Depths:1 | Reached skill level 6 in Conjurations
 76105 | Depths:1 | Found a huge runed gate.
 76105 | Depths:1 | Found a huge runed gate.
 76106 | Depths:1 | Found a huge runed gate.
 76106 | Depths:1 | Found a huge runed gate.
 76271 | Depths:2 | Reached skill level 7 in Ice Magic
 76277 | Depths:2 | Reached skill level 7 in Conjurations
 76282 | Depths:2 | Reached skill level 11 in Spellcasting
 76293 | Depths:2 | Learned a level 3 spell: Lesser Beckoning
 76354 | Depths:2 | Reached skill level 1 in Translocations
 76389 | Depths:2 | Reached skill level 2 in Translocations
 76673 | Depths:2 | Found Aduag's Book Shoppe.
 76755 | Depths:2 | Noticed a juggernaut
 76773 | Depths:2 | Killed a juggernaut
 76773 | Depths:2 | Reached skill level 3 in Translocations
 76773 | Depths:2 | Reached skill level 8 in Ice Magic
 77079 | Depths:2 | Reached skill level 8 in Conjurations
 77190 | Depths:2 | Reached skill level 4 in Translocations
 77503 | Depths:2 | Paralysed by a floating eye for 4 turns
 77522 | Depths:2 | Reached skill level 5 in Translocations
 77526 | Depths:2 | Reached skill level 9 in Ice Magic
 77677 | Depths:2 | Reached skill level 9 in Conjurations
 78021 | Depths:2 | Reached skill level 12 in Spellcasting
 78304 | Depths:2 | Found the +4 moon troll leather armour {Spirit, Regen++
                  | MP+5}
 78495 | Depths:3 | Found a gateway to a ziggurat.
 78575 | Depths:3 | Reached skill level 6 in Translocations
 78931 | Depths:3 | Reached XP level 27. HP: 177/205 MP: 39/39
 79146 | Depths:3 | Reached skill level 10 in Ice Magic
 79172 | Depths:3 | Reached skill level 10 in Conjurations
 79364 | Depths:3 | Found a runed translucent door.
 79364 | Depths:3 | Noticed an ancient lich
 79479 | Depths:3 | Killed an ancient lich
 79504 | Depths:3 | Found a runed translucent door.
 79504 | Depths:3 | Noticed an ancient lich
 79524 | Depths:3 | Killed an ancient lich
 79611 | Depths:3 | Reached skill level 13 in Spellcasting
 79918 | Depths:4 | Reached skill level 11 in Ice Magic
 79931 | Depths:4 | Reached skill level 11 in Conjurations
 80544 | Depths:4 | Got a vibrating sapphire amulet
 80545 | Depths:4 | Identified the amulet of Urchyfafo {Spirit Dex+3} (You
                  | found it on level 4 of the Depths)
 80579 | Depths:4 | Found a one-way gate to the infinite horrors of the Abyss.
 80987 | Depths:4 | Learned a level 6 spell: Freezing Cloud
 81012 | Depths:5 | Entered Level 5 of the Depths
 81074 | Depths:5 | Reached skill level 12 in Ice Magic
 81128 | Depths:5 | Reached skill level 12 in Conjurations
 81730 | Depths:5 | Reached skill level 14 in Spellcasting
 81811 | Depths:5 | Found a gate to the Realm of Zot.
 82476 | Spider:4 | Got a gossamer rune of Zot
 82988 | Zot:1    | Entered Level 1 of the Realm of Zot
 83056 | Zot:1    | Reached skill level 13 in Ice Magic
 83063 | Zot:1    | Reached skill level 13 in Conjurations
 83330 | Zot:1    | Noticed an orb of fire
 83889 | Zot:1    | Killed an orb of fire
 84126 | Zot:1    | Reached skill level 15 in Spellcasting
 84184 | Zot:1    | Noticed an ancient lich
 84191 | Zot:1    | Reached skill level 14 in Ice Magic
 84194 | Zot:1    | Reached skill level 14 in Conjurations
 84372 | Zot:1    | Killed an ancient lich
 84689 | Zot:1    | Found a stormy altar of Qazlal.
 84947 | Hell     | Entered the Vestibule of Hell
 84947 | Hell     | Noticed Geryon
 84973 | Hell     | Found a gateway to the freezing wastes of Cocytus.
 85171 | D:14     | Bought a sack of spiders for 200 gold pieces
 85171 | D:14     | Bought a sack of spiders for 200 gold pieces
 85171 | D:14     | Bought a wand of acid (9) for 260 gold pieces
 85630 | Zot:2    | Reached skill level 15 in Ice Magic
 85630 | Zot:2    | Reached skill level 15 in Conjurations
 85992 | Zot:2    | Lost mutation: You evolve. [end of evolution]
 86734 | Zot:2    | Learned a level 4 spell: Cause Fear
 87006 | Zot:2    | Reached skill level 16 in Ice Magic
 87316 | Zot:3    | Reached skill level 16 in Conjurations
 87528 | Zot:3    | Found a transporter.
 87531 | Zot:3    | Noticed Popraera's ghost (legendary MfSk)
 87556 | Zot:3    | Found a transporter.
 88073 | Zot:3    | Noticed an orb of fire
 88126 | Zot:2    | Reached skill level 1 in Hexes
 88444 | Zot:3    | Reached skill level 2 in Hexes
 88466 | Zot:3    | Killed an orb of fire
 88466 | Zot:3    | Reached skill level 8 in Stealth
 88466 | Zot:3    | Reached skill level 3 in Hexes
 88591 | Zot:3    | Reached skill level 9 in Stealth
 88642 | Zot:3    | Reached skill level 4 in Hexes
 88817 | Zot:4    | Reached skill level 10 in Stealth
 88829 | Zot:4    | Reached skill level 5 in Hexes
 89177 | Zot:4    | Reached skill level 11 in Stealth
 89177 | Zot:4    | Reached skill level 6 in Hexes
 89321 | Zot:4    | Found a transporter.
 89321 | Zot:4    | Noticed Qohiqu's ghost (veteran SpEn)
 89407 | Zot:4    | Found a transporter.
 89766 | Zot:5    | Entered Level 5 of the Realm of Zot
 89882 | Zot:5    | Reached skill level 12 in Stealth
 89910 | Zot:5    | Reached skill level 13 in Stealth
 89947 | Zot:5    | Reached skill level 14 in Stealth
 90249 | Zot:5    | Noticed an orb of fire
 90262 | Zot:5    | Killed an orb of fire
 90262 | Zot:5    | Reached skill level 15 in Stealth
 90500 | Zot:5    | Reached skill level 16 in Stealth
 90530 | Zot:5    | Noticed an orb of fire
 90554 | Zot:5    | Noticed an orb of fire
 90569 | Zot:5    | Killed an orb of fire
 90586 | Zot:5    | Reached skill level 17 in Stealth
 90587 | Zot:5    | Killed an orb of fire
 90636 | Zot:5    | Paralysed by the power of Zot for 2 turns
 90674 | Zot:5    | Noticed an orb of fire
 90675 | Zot:5    | Noticed an orb of fire
 90681 | Zot:5    | Noticed an orb of fire
 90684 | Zot:5    | Noticed an ancient lich
 90723 | Zot:5    | Killed an ancient lich
 90803 | Zot:5    | Reached skill level 17 in Ice Magic
 90812 | Zot:5    | Reached skill level 17 in Conjurations
 91321 | Zot:5    | Donated 2258 gold pieces to Zin
 91326 | Zot:5    | Killed an orb of fire
 91779 | Zot:5    | Noticed an orb of fire
 91894 | Zot:5    | Killed an orb of fire
 91908 | Zot:5    | Killed an orb of fire
 92385 | Zot:5    | Killed an orb of fire
 92385 | Zot:5    | Reached skill level 16 in Spellcasting
 93221 | Zot:4    | Reached skill level 18 in Conjurations
 93221 | Zot:4    | Reached skill level 18 in Ice Magic
 93533 | Zot:4    | Killed Qohiqu's ghost
 94539 | Orc:2    | Bought a potion of heal wounds for 75 gold pieces
 94539 | Orc:2    | Bought 2 potions of haste for 300 gold pieces
 94539 | Orc:2    | Bought a potion of heal wounds for 75 gold pieces
 94539 | Orc:2    | Bought a potion of heal wounds for 75 gold pieces
 94539 | Orc:2    | Bought a potion of ambrosia for 120 gold pieces
 94539 | Orc:2    | Bought 2 potions of resistance for 300 gold pieces
 94539 | Orc:2    | Bought a potion of resistance for 150 gold pieces
 94539 | Orc:2    | Bought a potion of curing for 45 gold pieces
 94539 | Orc:2    | Bought 2 potions of curing for 90 gold pieces
 94542 | Orc:2    | Bought a potion of magic for 112 gold pieces
 94542 | Orc:2    | Bought a potion of resistance for 140 gold pieces
 94586 | Pan      | Entered Pandemonium
 95686 | Pan      | Reached skill level 17 in Spellcasting
 96522 | Pan      | Got a demonic rune of Zot
 96568 | Pan      | Reached skill level 19 in Ice Magic
 96616 | Pan      | Reached skill level 19 in Conjurations
 96618 | Pan      | Noticed Bablir the pandemonium lord
 96627 | Pan      | Killed Bablir the pandemonium lord
 96778 | Orc:2    | Escaped Pandemonium
 96919 | D:11     | Bought a ration for 55 gold pieces
 96919 | D:11     | Bought a ration for 55 gold pieces
 96919 | D:11     | Bought a ration for 55 gold pieces
 96919 | D:11     | Bought a ration for 55 gold pieces
 96919 | D:11     | Bought a ration for 55 gold pieces
 96919 | D:11     | Bought a ration for 55 gold pieces
 96919 | D:11     | Bought a ration for 55 gold pieces
 96919 | D:11     | Bought a ration for 55 gold pieces
 96919 | D:11     | Bought a ration for 55 gold pieces
 96919 | D:11     | Bought a ration for 55 gold pieces
 96919 | D:11     | Bought a ration for 55 gold pieces
 96919 | D:11     | Bought a ration for 55 gold pieces
 97140 | Depths:4 | Voluntarily entered the Abyss.
 98034 | Abyss:1  | Found a corrupted altar of Lugonu.
 98423 | Abyss:2  | Found a corrupted altar of Lugonu.
 98984 | Abyss:3  | Found a corrupted altar of Lugonu.
 99000 | Abyss:3  | Reached skill level 18 in Spellcasting
 99058 | Abyss:3  | Found a corrupted altar of Lugonu.
 99097 | Abyss:3  | Got an abyssal rune of Zot
 99246 | Abyss:3  | Found a corrupted altar of Lugonu.
 99585 | Depths:4 | Escaped the Abyss
100859 | Depths:4 | Learned a level 9 spell: Glaciate
101142 | Depths:4 | Reached skill level 20 in Ice Magic
101188 | Hell     | Reached skill level 20 in Conjurations
101359 | Hell     | Mangled by a hell knight

Levels and vault maps discovered:
D:1:      mushboom_english_gardens, layout_loops_ring
D:2:      layout_basic, lemuel_doored_altar, chequers_ecumenical_altar_twisty,
          first_ration
D:3:      layout_basic, gammafunk_temple_overflow_elements
D:4:      layout_cave_pools, kennysheep_mini, elyvilon_altar_4,
          nicolae_overflow_crystal_walls, vehumet_statue, portal_sewer_entry_e,
          kennysheep_generic_room_6, uniq_grinder
D:5:      layout_cave_pools, grunt_temple_overflow_open,
          minmay_temple_entry_proselytizer
D:6:      layout_basic, ashenzari_conservatory_becter
D:7:      layout_loops_ring, ebering_ghost_inner_flame
D:8:      layout_cave_pools, lemuel_coloured_pillars_altar, marbit_many_paths,
          serial_shops, shop
D:9:      layout_irregular_city, kennysheep_little_box, lair_entry_dummy,
          serial_shops, nicolae_shop_trees, nicolae_shop_trees, uniq_erolcha
D:10:     hangedman_cross_stitches, layout_basic
D:11:     layout_roguey, erik_orc_2, serial_shops, shop
D:12:     layout_basic, serial_shops, nicolae_shop_waterfront
D:13:     layout_loops_cross, serial_shops, nicolae_shop_statue_plus, shop,
          shop, ebering_ghost_rock_garden
D:14:     layout_irregular_city, erik_vaults_2, serial_shops, shop,
          grunt_dithmenos_smoke, uniq_kirke
D:15:     grunt_enter_depths_hoard, layout_layer_cave,
          roderic_lattice_octagonal_star, uniq_josephine
Temple:   nicolae_temple_figure_zero
Lair:1:   layout_long_grid, grunt_megastairs_5
Lair:2:   layout_regular_city, elwin_shoals_entry_rocks,
          minmay_lair_oklob_items, chequers_serial_rivers_micro_c
Lair:3:   layout_cave_pods, dummy_spider_entry, grunt_megastairs_2,
          lemuel_fruit_fields
Lair:4:   layout_loops_ring
Lair:5:   layout_misc_corridors, st_stairs_7, infiniplex_staircase_pool_2
Lair:6:   hangedman_lair_caniforms_friends, layout_misc_corridors,
          guppyfry_lair_end_dragon, nicolae_slime_entry_slimehenge,
          worms_lemuel, uniq_urug, uniq_nessos, uniq_rupert, uniq_snorg
Shoals:1: layout_shoals, nicolae_shoals_drake_roost
Shoals:2: layout_shoals, uniq_ilsuiw
Shoals:3: layout_shoals
Shoals:4: shoals_end_simple, layout_shoals, lemuel_altar_in_water
Spider:1: layout_spider_delve, nicolae_spider_nook, uniq_donald
Spider:2: layout_spider_delve
Spider:3: layout_spider_delve
Spider:4: spider_rune_water
Orc:1:    layout_diamond_mine
Orc:2:    pf_orc_diabolical, layout_caves, uniq_saint_roka
Elf:1:    elf_arrival_001, layout_geoelf_diagonals, serial_shops,
          nicolae_shop_window_shopping, hangedman_elven_crosses_minicolossus,
          uniq_agnes
Elf:2:    layout_loops_cross, serial_shops, shop_fountains,
          minmay_misc_feat_ornament, nrook_uturn
Elf:3:    minmay_elf_hall_furrowed, layout_gridlike, serial_shops,
          nicolae_shop_waterfront, guppyfry_elf_altar, uniq_nikola
Vaults:1: advil_vaults_ghost_lines, ontoclasm_vaults_twist,
          ontoclasm_vaults_gateway, st_greater_box_2, nicolae_vaults_network_s,
          v_pattern_5, nicolae_vaults_little_squares_3,
          nicolae_vaults_diagonal_hallway_7, nicolae_vaults_shelves_hall,
          hangedman_vaults_corner_blocks, v_misc_22,
          ontoclasm_vaults_decontamination, layout_vaults_omnicross,
          serial_shops, shop
Vaults:2: v_misc_2, grunt_vaults_swirl, nicolae_vaults_ring_of_whatevers,
          hangedman_vaults_restitches, v_rooms_5, nicolae_vaults_network_square,
          minmay_crypt_entry_simple_statues, nicolae_vaults_yaktaur_gun_rack,
          nicolae_vaults_specimen_jars, ontoclasm_vaults_ring_small, v_misc_8,
          layout_vaults_ring, serial_shops, bzr_entry_road
Vaults:3: vaults_room_pools, v_rooms_3, nicolae_vaults_meeting,
          vaults_room_door_hall, v_misc_2, v_misc_23, layout_vaults_quadrants,
          serial_shops, nicolae_shop_stone
Vaults:4: ontoclasm_vaults_hangar, ontoclasm_vaults_hangar, v_misc_11,
          st_diamondy, hangedman_vaults_cutoff, v_misc_3, v_misc_30,
          nicolae_vaults_little_squares_3, grunt_vaults_hallway_short,
          v_misc_25, vaults_room_fancy_cross, vaults_mumra_hex,
          hangedman_vaults_maws, vaults_dpeg_ring, layout_vaults_maze_snakey
Vaults:5
Crypt:1:  layout_misc_corridors, st_stairs_13, grunt_crypt_arrival_guarded_gate
Crypt:2:  layout_rooms, ebering_ghost_inner_flame, minivault_25
Crypt:3:  evilmike_haunted_forest
Depths:1: layout_long_grid, hell_entry, rand_demon_pan_entry_4, door_vault,
          uniq_sojobo
Depths:2: angbandy_vault, layout_long_grid, pf_hell_entry_great_geh,
          serial_shops, shop_statue, hangedman_corner_corridor,
          infiniplex_staircase_hallway_doors
Depths:3: cheibrodos_witchhunters_guild, layout_cave_pools, enter_ziggurat_a,
          rand_demon_pan_entry_3, hell_entry, serial_bayou, serial_bayou_lake_a,
          serial_bayou_lagoon_a, serial_bayou_crossing, serial_bayou_pond_a,
          minmay_staircase_statues
Depths:4: minmay_the_grid_3x3 [minmay_the_grid_expand,
          minmay_the_grid_minigrid_medium, minmay_the_grid_minigrid_large,
          minmay_the_grid_pillar_ring, minmay_the_grid_large_cup,
          minmay_the_grid_dragon_a, minmay_the_grid_gridbox,
          minmay_the_grid_holed_spiral, minmay_the_grid_prize_big_room],
          layout_twisted_cross, abyss_entry_crystal, hell_entry,
          hangedman_decor_lopped
Depths:5: evilmike_zot_entry_gauntlet, layout_cave_pools, pf_coc_iceberg,
          minmay_misc_feat_cross
Hell
Zot:1:    regret_index_qazlal_generations, layout_onion, skrybe_zot_glass_2
Zot:2:    layout_twisted_circle
Zot:3:    kennysheep_six_static_rooms, layout_misc_corridors,
          gammafunk_ghost_berserking_beasts
Zot:4:    layout_cathedral_of_symmetry, gammafunk_ghost_berserking_beasts
Zot:5:    layout_misc_corridors

Skill      XL: |  1  2  3  4  5  6  7  8  9 10 11 12 13 14 15 16 17 18 19 20 21 22 23 24 25 26 27 |
---------------+----------------------------------------------------------------------------------+-----
Stealth        | 1 2 3 4 5 6 7 17 | 17.1
Fighting       | 4 5 7 8 9 10 12 13 14 15 16 21 | 21.2
Long Blades    | 3 4 5 6 7 9 13 14 | 14.0
Dodging        | 4 5 7 8 9 10 12 13 14 15 16 | 16.0
Shields        | 4 5 7 8 9 10 12 15 16 17 18 19 20 21 23 | 23.0
Evocations     | 3 5 7 |  7.0
Invocations    | 3 5 6 7 10 12 14 15 | 15.0
Conjurations   | 2 5 9 20 | 20.1
Fire Magic     | 2 5 |  5.1
Spellcasting   | 2 5 7 10 12 18 | 18.2
Summonings     | 7 |  7.2
Air Magic      | 7 10 | 10.0
Charms         | 2 5 8 |  8.7
Ice Magic      | 2 5 6 9 20 | 20.1
Translocations | 6 |  6.0
Hexes          | 6 |  6.0

Action                   |  1- 3 |  4- 6 |  7- 9 | 10-12 | 13-15 | 16-18 | 19-21 | 22-24 | 25-27 || total
-------------------------+-------+-------+-------+-------+-------+-------+-------+-------+-------++-------
Melee: Long sword        |    61 |    86 |   329 |   635 |   210 |       |       |       |       ||  1321
       Constrict         |    18 |    32 |    82 |    86 |   230 |   328 |   257 |   268 |   446 ||  1747
       Tentacles         |    15 |    25 |    83 |   267 |   576 |   803 |   832 |   659 |  1563 ||  4823
       Dagger            |       |       |       |     1 |     6 |     1 |       |       |       ||     8
       Falchion          |       |       |       |       |   540 |       |       |       |       ||   540
       Scimitar          |       |       |       |       |   454 |  1665 |  1613 |   404 |       ||  4136
       Double sword      |       |       |       |       |       |       |       |   935 |  3246 ||  4181
Throw: Stone             |       |       |       |     7 |     2 |       |       |       |       ||     9
       Javelin           |       |       |       |       |     1 |    15 |     2 |     8 |    42 ||    68
       Throwing net      |       |       |       |       |       |       |       |     1 |       ||     1
 Cast: Conjure Flame     |       |       |       |     1 |     5 |     5 |     1 |       |     2 ||    14
       Summon Lightning  |       |       |       |       |       |     2 |    14 |    25 |    18 ||    59
       Ozocubu's Armour  |       |       |       |       |       |       |       |     6 |    22 ||    28
       Apportation       |       |       |       |       |       |       |       |     2 |       ||     2
       Deflect Missiles  |       |       |       |       |       |       |       |       |     8 ||     8
       Lesser Beckoning  |       |       |       |       |       |       |       |       |    31 ||    31
       Freezing Cloud    |       |       |       |       |       |       |       |       |    18 ||    18
       Blink             |       |       |       |       |       |       |       |       |    12 ||    12
       Cause Fear        |       |       |       |       |       |       |       |       |     7 ||     7
Invok: Vitalisation      |       |       |       |    11 |    42 |    33 |    24 |    24 |    65 ||   199
       Recite            |       |       |       |     5 |    22 |     7 |    24 |    21 |    34 ||   113
       Imprison          |       |       |       |       |     2 |     1 |       |       |       ||     3
       Sanctuary         |       |       |       |       |       |       |       |       |     6 ||     6
       Donate Gold       |       |       |       |       |       |       |       |       |     1 ||     1
 Abil: Blink             |       |       |       |     5 |    24 |     4 |       |       |       ||    33
       Evoke Invisibilit |       |       |       |       |       |       |       |     1 |       ||     1
Evoke: Wand              |       |       |     8 |    16 |    43 |     5 |     3 |     7 |    16 ||    98
       Lamp of fire      |       |       |       |     1 |     4 |     4 |     3 |       |     1 ||    13
       Phantom mirror    |       |       |       |       |       |     1 |       |       |       ||     1
       Phial of floods   |       |       |       |       |       |     2 |     2 |       |     1 ||     5
       Sack of spiders   |       |       |       |       |       |     1 |       |       |     5 ||     6
  Use: Scroll            |       |     7 |     4 |     7 |    22 |    18 |    19 |    10 |    23 ||   110
       Potion            |       |       |     6 |     3 |     6 |    10 |     3 |     3 |    28 ||    59
 Stab: Sleeping          |     9 |    13 |    39 |    44 |    12 |    23 |    28 |    29 |    35 ||   232
       Distracted        |       |     1 |       |     4 |     2 |    10 |    13 |    20 |    46 ||    96
       Paralysed         |       |       |     9 |    12 |     6 |       |     3 |       |     3 ||    33
       Confused          |       |       |       |     4 |    20 |       |    11 |    12 |    27 ||    74
       Invisible         |       |       |       |       |    11 |       |       |     1 |       ||    12
       Petrified         |       |       |       |       |       |     2 |       |       |       ||     2
       Fleeing           |       |       |       |       |       |       |     1 |       |       ||     1
  Eat: Chunk             |     1 |     4 |    13 |    17 |    17 |    25 |       |       |    22 ||    99
       Ration            |       |     1 |     2 |     5 |    10 |     9 |    12 |    11 |    23 ||    73
Armor: Skin              |     4 |     6 |     9 |     7 |    32 |   145 |    45 |    12 |    26 ||   286
Dodge: Dodged            |    33 |    27 |   146 |   341 |   537 |  1078 |   672 |   440 |  1978 ||  5252
       Deflected         |       |       |       |       |       |       |       |       |    87 ||    87
Block: Shield            |    14 |    30 |   178 |   332 |    76 |       |       |       |       ||   630
       Large shield      |       |       |       |       |  1379 |  2413 |  1779 |  1561 |  5086 || 12218
       Reflection        |       |       |       |       |       |       |       |    58 |   141 ||   199
       Rpst.: Long sword |    10 |     7 |    43 |    83 |    29 |       |       |       |       ||   172
       Falchion          |       |       |       |       |    34 |       |       |       |       ||    34
       Scimitar          |       |       |       |       |    36 |   192 |   112 |    31 |       ||   371
       Double sword      |       |       |       |       |       |       |       |    43 |   231 ||   274

Table legend:
 A = Non-vault XP
 B = Vault XP
 C = Vault XP percentage of total XP
 D = Non-vault monster count
 E = Vault monster count
 F = Vault count percentage of total count
                 A         B        C        D         E       F
            +---------+---------+-------+---------+---------+-------
      Total | 1128811 | 1091315 |  49.2 |    1979 |    1156 |  36.9
            +---------+---------+-------+---------+---------+-------
        D:1 |      45 |       0 |   0.0 |      30 |       0 |   0.0
        D:2 |     100 |       0 |   0.0 |      18 |       0 |   0.0
        D:3 |      47 |       0 |   0.0 |      17 |       0 |   0.0
        D:4 |     233 |     368 |  61.2 |       8 |      11 |  57.9
        D:5 |     490 |      41 |   7.7 |      19 |       1 |   5.0
        D:6 |    1001 |       0 |   0.0 |      19 |       0 |   0.0
        D:7 |     776 |     644 |  45.4 |      25 |       2 |   7.4
        D:8 |     467 |       0 |   0.0 |      18 |       0 |   0.0
        D:9 |    1366 |    1003 |  42.3 |      21 |       1 |   4.5
       D:10 |     720 |     454 |  38.7 |       6 |       7 |  53.8
       D:11 |    3876 |     784 |  16.8 |      37 |      21 |  36.2
       D:12 |    4772 |       0 |   0.0 |      33 |       0 |   0.0
       D:13 |    4273 |    1731 |  28.8 |      15 |       1 |   6.2
       D:14 |   14696 |   14221 |  49.2 |      41 |      13 |  24.1
       D:15 |   19347 |    6254 |  24.4 |      51 |       9 |  15.0
     Lair:1 |    2765 |     143 |   4.9 |      11 |       1 |   8.3
     Lair:2 |    7141 |     900 |  11.2 |      20 |       2 |   9.1
     Lair:3 |    6712 |      96 |   1.4 |      29 |       1 |   3.3
     Lair:4 |    4485 |       0 |   0.0 |      16 |       0 |   0.0
     Lair:5 |   12201 |    6957 |  36.3 |      39 |      11 |  22.0
     Lair:6 |    7637 |   20036 |  72.4 |      21 |      92 |  81.4
   Shoals:1 |   11197 |    1798 |  13.8 |      20 |       8 |  28.6
   Shoals:2 |    8916 |    2278 |  20.4 |      13 |       4 |  23.5
   Shoals:3 |   12286 |       0 |   0.0 |      24 |       0 |   0.0
   Shoals:4 |   15109 |   22077 |  59.4 |      30 |      41 |  57.7
   Spider:1 |   12937 |    7562 |  36.9 |      46 |      14 |  23.3
   Spider:2 |   26535 |       0 |   0.0 |      63 |       0 |   0.0
   Spider:3 |   10385 |       0 |   0.0 |      24 |       0 |   0.0
   Spider:4 |   21550 |   19983 |  48.1 |      56 |      39 |  41.1
      Orc:1 |    6540 |     454 |   6.5 |      65 |      10 |  13.3
      Orc:2 |    4620 |   20873 |  81.9 |      29 |      61 |  67.8
      Elf:1 |   19913 |   14209 |  41.6 |      44 |      19 |  30.2
      Elf:2 |   23636 |   20546 |  46.5 |      34 |      27 |  44.3
      Elf:3 |   19104 |   61307 |  76.2 |      32 |      41 |  56.2
   Vaults:1 |   41647 |   39500 |  48.7 |      71 |      43 |  37.7
   Vaults:2 |   23434 |   15352 |  39.6 |      37 |      31 |  45.6
   Vaults:3 |   28136 |   24412 |  46.5 |      40 |      34 |  45.9
   Vaults:4 |   49412 |   20407 |  29.2 |      75 |      37 |  33.0
   Vaults:5 |   47015 |  132896 |  73.9 |      70 |      93 |  57.1
    Crypt:1 |   11084 |     814 |   6.8 |      33 |       1 |   2.9
    Crypt:2 |   34742 |       0 |   0.0 |      53 |       0 |   0.0
    Crypt:3 |       0 |   76878 | 100.0 |       0 |     114 | 100.0
   Depths:1 |   60233 |   32870 |  35.3 |      82 |      23 |  21.9
   Depths:2 |   45192 |   62240 |  57.9 |      57 |      42 |  42.4
   Depths:3 |   39794 |   41583 |  51.1 |      55 |      38 |  40.9
   Depths:4 |   25466 |   48181 |  65.4 |      32 |      48 |  60.0
   Depths:5 |   26530 |   24198 |  47.7 |      32 |      20 |  38.5
       Hell |    8587 |    9879 |  53.5 |      14 |      12 |  46.2
      Zot:1 |   59269 |   49120 |  45.3 |      28 |      32 |  53.3
      Zot:2 |   82798 |    2654 |   3.1 |      55 |       1 |   1.8
      Zot:3 |   56954 |   12939 |  18.5 |      33 |       6 |  15.4
      Zot:4 |   25144 |   44747 |  64.0 |      19 |      15 |  44.1
      Zot:5 |   54339 |  165391 |  75.3 |      28 |      41 |  59.4
    Abyss:1 |   38531 |    2231 |   5.5 |      69 |       1 |   1.4
    Abyss:2 |   15646 |       0 |   0.0 |      16 |       0 |   0.0
    Abyss:3 |   20528 |   11159 |  35.2 |      45 |      10 |  18.2
        Pan |   48452 |   48937 |  50.2 |      61 |      34 |  35.8
      Sewer |       0 |     208 | 100.0 |       0 |      43 | 100.0
            +---------+---------+-------+---------+---------+-------
